 Dungeon Crawl Stone Soup version 0.23-a0-470-g6f7cfd9 (webtiles) character file.

91 JeffiDaFish the Grave Robber (level 4, 0/26 HPs)
             Began as a Deep Elf Necromancer on Nov 26, 2018.
             Slain by Grinder (9 damage)
             ... on level 3 of the Dungeon.
             The game lasted 00:06:24 (2653 turns).

JeffiDaFish the Grave Robber (Deep Elf Necromancer) Turns: 2653, Time: 00:06:24

Health: 0/26       AC:  7    Str: 10      XL:     4   Next: 34%
Magic:  7/11       EV: 14    Int: 19 (21) God:
Gold:   154        SH:  0    Dex: 21      Spells: 3/10 levels left

rFire    . . .     SeeInvis .   b - +4 short sword (drain)
rCold    . . .     Gourm    .   (no shield)
rNeg     . . .     Faith    .   a - +0 robe
rPois    .         Spirit   .   (no helmet)
rElec    .         Reflect  .   (no cloak)
rCorr    .         Harm     .   (no gloves)
MR       .....                  (no boots)
Stlth    +++.......             (no amulet)
HPRegen  1.08/turn              d - +5 ring of protection
MPRegen  0.12/turn              i - +6 ring of dexterity

@: mighty, regenerating
A: deterioration 1, robust 1
a: no special abilities


You were on level 3 of the Dungeon.
You were hungry.

You visited 1 branch of the dungeon, and saw 3 of its levels.

You collected 154 gold pieces.

Inventory:

Hand Weapons
 b - a +4 short sword of draining (weapon)
Armour
 a - a +0 robe (worn)
Jewellery
 d - a +5 ring of protection (left hand)
 f - an uncursed ring of poison resistance
 i - a +6 ring of dexterity (right hand)
 m - an uncursed ring of positive energy
Scrolls
 e - a scroll of fog
 g - 2 scrolls of remove curse
Potions
 l - a potion of curing
Comestibles
 c - 5 rations
 j - a chunk of flesh


   Skills:
 + Level 3.1 Dodging
 + Level 3.2 Stealth
 + Level 3.9 Spellcasting
 * Level 5.9 Necromancy


You had 3 spell levels left.
You knew the following spells:

 Your Spells              Type           Power        Failure   Level  Hunger
a - Pain                  Necr           ####         1%          1    None
b - Vampiric Draining     Necr           ####......   3%          3    ###....
c - Regeneration          Chrm/Necr      ###.......   12%         3    ###....

Your spell library contained the following spells:

 Spells                   Type           Power        Failure   Level  Hunger
 Animate Skeleton         Necr           N/A          1%          1    None
 Animate Dead             Necr           N/A          12%         4    ####...


Dungeon Overview and Level Annotations

Branches:
Dungeon (3/15)

Altars:

Annotations:
D:3 Grinder


Innate Abilities, Weirdness & Mutations

Your body sometimes deteriorates upon taking damage.
You are robust. (+10% HP)


Message History

You suddenly lose the ability to move!
Grinder gestures at you.
You barely resist.
Grinder says, "Mostly I couldn't keep them alive."
Grinder hits you but does no damage.
Grinder says, "My boss said I was rubbish.
His entrails said otherwise."
Grinder hits you!
You writhe in agony.
You can move again.
You puncture Grinder!
Grinder is severely wounded.
Grinder gestures at you. Pain shoots through your body!
* * * LOW HITPOINT WARNING * * *
You barely miss Grinder.
Grinder is severely wounded.
Grinder drinks a potion.
Grinder is healed!
You closely miss Grinder.
Grinder is moderately wounded.
Grinder hits you!
You die...

############# ##.....#.....##
##.............##
#...............#
#...............#
#...............## #### #.......
#................## ...###......?
#..............5@.##.# ..#.......
#...............#....###.........
##.............#####..#..#.......
##.....#.....## #....##.......
#####.####### .....##...... #.#
###..........
#.##############.......##..
#.##.........<..).......#..
#.##......#######..........


You could see Grinder.

Vanquished Creatures
  Terence (D:3)
  An adder (D:2)
  3 worms
  2 dart slugs
  2 leopard geckos
  3 giant cockroaches
  3 goblins
  4 hobgoblins
  4 jackals (D:2)
  9 kobolds
  A quokka (D:2)
  A ball python (D:1)
  4 bats
  2 frilled lizards (D:1)
  5 rats
45 creatures vanquished.

Notes
Turn   | Place    | Note
-------+----------+-------------------------------------------
     0 | D:1      | JeffiDaFish the Deep Elf Necromancer began the quest for
                  | the Orb.
     0 | D:1      | Reached XP level 1. HP: 10/10 MP: 6/6
   146 | D:1      | Reached skill level 5 in Necromancy
   543 | D:1      | Reached XP level 2. HP: 15/15 MP: 8/8
   577 | D:1      | Gained mutation: Your body sometimes deteriorates upon
                  | taking damage. [potion of mutation]
   577 | D:1      | Gained mutation: You are robust. (+10% HP) [potion of
                  | mutation]
  1652 | D:2      | Reached XP level 3. HP: 17/20 MP: 9/9
  1657 | D:2      | Learned a level 3 spell: Vampiric Draining
  2184 | D:3      | Noticed Terence
  2204 | D:3      | Noticed Grinder
  2211 | D:3      | Killed Terence
  2211 | D:3      | Reached XP level 4. HP: 16/26 MP: 2/11
  2267 | D:2      | Learned a level 3 spell: Regeneration
  2647 | D:3      | Paralysed by Grinder for 4 turns
  2653 | D:3      | Slain by Grinder

Vault maps used:
D:1:      minmay_arrival_semitransparent, grunt_decor_arrowhead,
          nrook_mini_backslash, st_stairs_1, minmay_tetromino_i2
D:3:      first_ration, nemelex_spade_bored_becter, uniq_grinder, uniq_terence

Skill      XL: |  1  2  3 |
---------------+----------+-----
Necromancy     | 5 |  5.9
Dodging        | 3 |  3.1
Stealth        | 3 |  3.2
Spellcasting   | |  3.9

Action                   |  1- 3 |  4- 6 || total
-------------------------+-------+-------++-------
Melee: Short sword       |    66 |    16 ||    82
 Cast: Pain              |    18 |       ||    18
       Vampiric Draining |     2 |       ||     2
       Regeneration      |       |     2 ||     2
  Use: Scroll            |    10 |     1 ||    11
       Potion            |     7 |     2 ||     9
 Stab: Sleeping          |    13 |     1 ||    14
  Eat: Chunk             |     4 |     1 ||     5
Armor: Robe              |    12 |     2 ||    14
Dodge: Dodged            |    46 |     7 ||    53

Table legend:
 A = Non-vault XP
 B = Vault XP
 C = Vault XP percentage of total XP
 D = Non-vault monster count
 E = Vault monster count
 F = Vault count percentage of total count
                 A         B        C        D         E       F
            +---------+---------+-------+---------+---------+-------
      Total |      96 |      35 |  26.7 |      42 |       3 |   6.7
            +---------+---------+-------+---------+---------+-------
        D:1 |      32 |       3 |   8.6 |      20 |       2 |   9.1
        D:2 |      51 |       0 |   0.0 |      17 |       0 |   0.0
        D:3 |      13 |      32 |  71.1 |       5 |       1 |  16.7
            +---------+---------+-------+---------+---------+-------
